 Dungeon Crawl Stone Soup version 0.22-a0-32-ga749362bc3 (webtiles) character file.

25 Kaname the Magician (level 2, 0/19 HPs)
             Began as a Demonspawn Wizard on Jan 3, 2018.
             Slain by a goblin (1 damage)
             ... on level 2 of the Dungeon.
             The game lasted 00:02:20 (1073 turns).

Kaname the Magician (Demonspawn Wizard)             Turns: 1073, Time: 00:02:21

Health: 0/19       AC:  3    Str:  7    XL:     2   Next: 82%
Magic:  1/6        EV: 11    Int: 19    God:
Gold:   17         SH:  0    Dex: 11    Spells: 4/7 levels left

rFire    . . .     SeeInvis .   i - +0 long sword
rCold    . . .     Gourm    .   (no shield)
rNeg     . . .     Faith    .   f - +0 leather armour (curse)
rPois    .         Spirit   .   b - +0 hat
rElec    .         Reflect  .   (no cloak)
rCorr    .         Harm     .   (no gloves)
MR       .....                  (no boots)
Stlth    +.........             (no amulet)
HPRegen  0.06/turn              (no ring)
MPRegen  0.10/turn              (no ring)

@: very slightly contaminated
A: powered by pain 1
a: no special abilities


You were on level 2 of the Dungeon.
You were not hungry.

You visited 1 branch of the dungeon, and saw 2 of its levels.

You collected 17 gold pieces.

Inventory:

Hand Weapons
 i - a +0 long sword (weapon)
Armour
 b - a +0 hat (worn)
 f - a cursed +0 leather armour (worn)
Scrolls
 a - 4 scrolls of identify {unknown}
 g - a scroll of amnesia {unknown}
Potions
 e - 2 potions of flight {unknown}
 h - a potion of degeneration {unknown}
Books
 c - a book of Minor Magic

   Spells                             Type                      Level
   a - Magic Dart                     Conjuration                  1
   b - Blink                          Translocation                2
   c - Call Imp                       Summoning                    2
   d - Slow                           Hexes                        2
   e - Conjure Flame                  Conjuration/Fire             3
   f - Mephitic Cloud                 Conjuration/Poison/Air       3
Comestibles
 d - 2 rations
 j - a chunk of flesh


   Skills:
 - Level 1.7 Dodging
 - Level 1.7 Stealth
 - Level 3.0 Spellcasting
 + Level 2.9 Conjurations
   Level 1.0 Summonings
 - Level 0.8 Translocations


You had 4 spell levels left.
You knew the following spells:

 Your Spells              Type           Power        Failure   Level  Hunger
a - Magic Dart            Conj           ##..         7%          1    None
b - Blink                 Tloc           N/A          24%         2    ##.....


Dungeon Overview and Level Annotations

Branches:
Dungeon (2/15)

Altars:
Nemelex Xobeh


Innate Abilities, Weirdness & Mutations

You sometimes gain a little power by taking damage.


Message History

The magic dart hits the hobgoblin.
You kill the hobgoblin!
The ball python closely misses you.
You riposte.
You hit the ball python.
You kill the ball python!
Casting: Magic Dart
Confirm with . or Enter, or press ? or * to list all spells.
Aiming: Magic Dart
Press: ? - help, Shift-Dir - straight line, f - goblin
Aim: a goblin The magic dart hits the goblin.
The goblin is heavily wounded.
Casting: Magic Dart
Confirm with . or Enter, or press ? or * to list all spells.
Aiming: Magic Dart
Press: ? - help, Shift-Dir - straight line, f/p - goblin
Aim: a goblin (heavily wounded)
You miscast Magic Dart.
You are very lightly contaminated with residual magic.
Your hair stands on end.
The goblin hits you.
You die...

### .. #.
# #.##>#
#.@g.#
####......
.._.. $...
..⌠ .. .


You could see a goblin.

Vanquished Creatures
  A ball python (D:2)
  A giant cockroach (D:2)
  4 hobgoblins
  A kobold (D:1)
  A quokka (D:1)
  4 bats (D:1)
  5 frilled lizards
  5 goblins (D:1)
  2 rats (D:1)
24 creatures vanquished.

Notes
Turn   | Place    | Note
-------+----------+-------------------------------------------
     0 | D:1      | Kaname the Demonspawn Wizard began the quest for the Orb.
     0 | D:1      | Reached XP level 1. HP: 13/13 MP: 4/4
   301 | D:1      | Gained mutation: You sometimes gain a little power by taking damage. [demonic ancestry]
   301 | D:1      | Reached XP level 2. HP: 19/19 MP: 0/6
   362 | D:1      | Learned a level 2 spell: Blink
  1067 | D:2      | Found a sparkling altar of Nemelex Xobeh.
  1073 | D:2      | Slain by a goblin

Vault maps used:
D:1:      evilmike_arrival_plus
D:2:      grunt_temple_overflow_open, kennysheep_generic_room_6, uniq_robin

Skill      XL: |  1 |
---------------+----+-----
Conjurations   | 2 |  2.9
Dodging        | |  1.7
Stealth        | |  1.7
Spellcasting   | |  3.0
Summonings     | |  1.0
Translocations | |  0.8

Action                   || total
-------------------------++-------
Melee: Unarmed           ||    22
       Long sword        ||     6
 Cast: Magic Dart        ||    46
Armor: Robe              ||     2
       Leather armour    ||    25
Dodge: Dodged            ||    42
       Rpst.: Long sword ||     4

Table legend:
 A = Spawn XP
 B = Non-spawn XP
 C = Spawn XP percentage of total XP
 D = Spawn monster count
 E = Non-spawn monster count
 F = Spawn count percentage of total count
 G = Total turns spent on level
                    A         B        C        D         E        F      G
               +---------+---------+-------+---------+---------+-------+---------
         Total |       0 |      36 |   0.0 |       0 |      24 |   0.0 |  1073
               +---------+---------+-------+---------+---------+-------+---------
           D:1 |       0 |      27 |   0.0 |       0 |      19 |   0.0 |   989
           D:2 |       0 |       9 |   0.0 |       0 |       5 |   0.0 |    84
               +---------+---------+-------+---------+---------+-------+---------
